[ PARTIDA AOE2 · #478320240 ]
UnrankedBereberes vs Koreans
[ ANÁLISIS DE REPETICIÓN · EXTRAÍDO DE LA PARTIDA GRABADA ]
Feudal
10:32
Castillos
14:15
Imperial
29:13
| APM promedio | 39.3 |
| APM pico | 78 |
| eAPM promedio | 19.9 |
| Aldeanos / militares | 188 / 608 |
Foco
⚔️ 41.1% · 🌾 58.9%
Scout Cavalry ×237 · Camel Archer ×164 · Camel Scout ×142 · Genitour ×41 · Cavalry Archer ×13 · Trebuchet (Packed) ×11
Feudal
—
Castillos
—
Imperial
—
| APM promedio | 19.9 |
| APM pico | 38 |
| eAPM promedio | 14.6 |
| Aldeanos / militares | 158 / 315 |
Foco
⚔️ 38.0% · 🌾 62.0%
Scorpion ×181 · Spearman ×108 · Battering Ram ×14 · Mangonel ×6 · Trebuchet (Packed) ×4 · Centurion ×2
Feudal
10:56
Castillos
15:00
Imperial
30:31
| APM promedio | 67.9 |
| APM pico | 117 |
| eAPM promedio | 36.3 |
| Aldeanos / militares | 216 / 488 |
Foco
⚔️ 41.9% · 🌾 58.1%
Spearman ×270 · War Wagon ×129 · Scout Cavalry ×63 · Bombard Cannon ×18 · Trebuchet (Packed) ×7 · Iron Pagoda ×1
Feudal
10:59
Castillos
14:33
Imperial
28:22
| APM promedio | 55.6 |
| APM pico | 98 |
| eAPM promedio | 33.8 |
| Aldeanos / militares | 198 / 797 |
Foco
⚔️ 34.6% · 🌾 65.4%
Scout Cavalry ×453 · Camel Scout ×237 · Keshik ×98 · Trebuchet (Packed) ×7 · Monk ×2
Feudal
12:11
Castillos
15:16
Imperial
29:41
| APM promedio | 41.9 |
| APM pico | 119 |
| eAPM promedio | 26.7 |
| Aldeanos / militares | 161 / 595 |
Foco
⚔️ 34.8% · 🌾 65.2%
Scout Cavalry ×369 · Scorpion ×154 · Spearman ×69 · Trebuchet (Packed) ×3
Feudal
11:23
Castillos
15:06
Imperial
29:59
| APM promedio | 61.6 |
| APM pico | 115 |
| eAPM promedio | 41.8 |
| Aldeanos / militares | 235 / 909 |
Foco
⚔️ 48.5% · 🌾 51.5%
Spearman ×839 · Mangonel ×23 · Knight ×21 · Trebuchet (Packed) ×12 · Scout Cavalry ×11 · Monk ×3
Feudal
10:25
Castillos
13:42
Imperial
29:44
| APM promedio | 30.9 |
| APM pico | 59 |
| eAPM promedio | 20.0 |
| Aldeanos / militares | 181 / 273 |
Foco
⚔️ 42.7% · 🌾 57.3%
War Elephant ×129 · Scout Cavalry ×67 · Spearman ×28 · Hand Cannoneer ×22 · Archer ×15 · Trebuchet (Packed) ×6
Feudal
10:32
Castillos
14:36
Imperial
33:25
| APM promedio | 38.2 |
| APM pico | 65 |
| eAPM promedio | 26.2 |
| Aldeanos / militares | 172 / 363 |
Foco
⚔️ 40.5% · 🌾 59.5%
Spearman ×101 · Scout Cavalry ×99 · Arambai ×70 · Battle Elephant ×49 · Mangonel ×24 · Monk ×12
Mapa de la partida
Recursos iniciales + cada clic de construcción. Líneas = muros · curvas = relieve. ◆ oro · ⬟ piedra · ● bayas · ✦ reliquia · ◌ hueco del cierre
Tu base· ✓ Cerrada en 14:15 · 0t muro · 3 puerta(s)
Base de peah90· ✓ Cerrada en 12:09 · 0t muro · 2 puerta(s)
Base de SALAMANDRA· ✓ Cerrada en 15:00 · 0t muro · 2 puerta(s)
Base de AndresCast· ✓ Cerrada en 14:33 · 0t muro · 3 puerta(s)
Base de BLACK EAGLE· ✓ Cerrada en 15:16 · 0t muro · 2 puerta(s)
Base de Poeta_Virgilio· ✓ Cerrada en 15:06 · 0t muro · 2 puerta(s)
Base de livulove· ✓ Cerrada en 13:42 · 0t muro · 3 puerta(s)
Base de Tumber· ✓ Cerrada en 14:36 · 1t muro · 2 puerta(s)
Terreno inicial suavizado · ◌ = hueco del cierre detectado · pasá el cursor para detalles
Inputs por minuto
— DaTuRa - - peah90
Build order — DaTuRa
Primeras 150 de 639 acciones detectadas
| 0:01 | Crear | Villager (Male) |
| 0:01 | Crear | Villager (Male) |
| 0:01 | Crear | Villager (Male) |
| 0:02 | Construir | House |
| 0:04 | Construir | House |
| 0:06 | Crear | Villager (Male) |
| 1:32 | Crear | Villager (Male) |
| 1:33 | Crear | Villager (Male) |
| 1:59 | Crear | Villager (Male) |
| 2:15 | Crear | Villager (Male) |
| 2:16 | Crear | Villager (Male) |
| 2:48 | Crear | Villager (Male) |
| 2:49 | Crear | Villager (Male) |
| 3:00 | Crear | Villager (Male) |
| 3:33 | Crear | Villager (Male) |
| 3:33 | Crear | Villager (Male) |
| 3:41 | Crear | Villager (Male) |
| 3:49 | Construir | House |
| 4:19 | Construir | Mill |
| 4:37 | Crear | Villager (Male) |
| 4:37 | Crear | Villager (Male) |
| 5:06 | Construir | Lumber Camp |
| 5:24 | Crear | Villager (Male) |
| 5:24 | Crear | Villager (Male) |
| 5:25 | Crear | Villager (Male) |
| 5:25 | Crear | Villager (Male) |
| 5:35 | Construir | House |
| 5:36 | Construir | House |
| 5:49 | Crear | Villager (Male) |
| 5:49 | Crear | Villager (Male) |
| 6:01 | Crear | Villager (Male) |
| 6:52 | Crear | Villager (Male) |
| 7:11 | Construir | Mining Camp |
| 7:25 | Crear | Villager (Male) |
| 7:56 | Crear | Villager (Male) |
| 8:20 | Investigar | Feudal Age |
| 8:20 | Investigar | Feudal Age |
| 8:29 | Construir | Farm |
| 8:33 | Construir | Farm |
| 8:38 | Construir | Farm |
| 9:46 | Construir | Farm |
| 9:47 | Crear | Villager (Male) |
| 9:48 | Crear | Villager (Male) |
| 10:32 | Edad | Edad Feudal |
| 10:39 | Construir | Market |
| 10:55 | Construir | Blacksmith |
| 11:35 | Investigar | Castle Age |
| 11:35 | Investigar | Castle Age |
| 12:16 | Investigar | Double-Bit Axe |
| 12:17 | Investigar | Double-Bit Axe |
| 12:24 | Construir | Farm |
| 12:26 | Construir | Farm |
| 12:49 | Investigar | Horse Collar |
| 13:29 | Crear | Villager (Male) |
| 13:30 | Crear | Villager (Male) |
| 14:15 | Edad | Edad de los Castillos |
| 14:17 | Construir | Town Center |
| 14:27 | Crear | Villager (Male) |
| 14:40 | Crear | Villager (Male) |
| 15:05 | Crear | Villager (Male) |
| 15:18 | Crear | Villager (Male) |
| 15:26 | Construir | Town Center |
| 15:44 | Crear | Villager (Male) |
| 16:14 | Crear | Villager (Male) |
| 16:15 | Crear | Villager (Male) |
| 16:19 | Construir | Farm |
| 16:20 | Construir | Farm |
| 16:21 | Construir | Farm |
| 16:24 | Crear | Villager (Male) |
| 16:24 | Crear | Villager (Male) |
| 16:25 | Crear | Villager (Male) |
| 16:43 | Investigar | Bow Saw |
| 16:45 | Crear | Villager (Male) |
| 16:45 | Crear | Villager (Male) |
| 17:08 | Construir | Farm |
| 17:10 | Construir | Farm |
| 17:14 | Crear | Villager (Male) |
| 17:14 | Crear | Villager (Male) |
| 17:21 | Construir | House |
| 17:22 | Construir | House |
| 17:22 | Construir | House |
| 17:28 | Construir | House |
| 17:29 | Construir | House |
| 17:30 | Construir | House |
| 17:33 | Crear | Villager (Male) |
| 17:33 | Crear | Villager (Male) |
| 17:38 | Crear | Villager (Male) |
| 17:38 | Crear | Villager (Male) |
| 17:45 | Construir | Farm |
| 17:46 | Construir | Farm |
| 17:51 | Crear | Villager (Male) |
| 17:52 | Crear | Villager (Male) |
| 18:02 | Crear | Villager (Male) |
| 18:05 | Crear | Villager (Male) |
| 18:05 | Crear | Villager (Male) |
| 18:05 | Crear | Villager (Male) |
| 18:05 | Crear | Villager (Male) |
| 18:09 | Construir | Farm |
| 18:18 | Construir | Farm |
| 18:25 | Construir | Farm |
| 18:27 | Construir | Farm |
| 18:32 | Crear | Villager (Male) |
| 18:32 | Crear | Villager (Male) |
| 18:32 | Crear | Villager (Male) |
| 18:33 | Crear | Villager (Male) |
| 18:38 | Construir | Farm |
| 18:48 | Crear | Villager (Male) |
| 18:48 | Crear | Villager (Male) |
| 18:48 | Crear | Villager (Male) |
| 18:53 | Construir | House |
| 18:54 | Construir | House |
| 18:56 | Construir | House |
| 18:57 | Construir | House |
| 18:58 | Crear | Villager (Male) |
| 18:58 | Crear | Villager (Male) |
| 19:04 | Construir | Mining Camp |
| 19:10 | Construir | Farm |
| 19:11 | Crear | Villager (Male) |
| 19:22 | Construir | Farm |
| 19:23 | Construir | Farm |
| 19:25 | Crear | Villager (Male) |
| 19:25 | Crear | Villager (Male) |
| 19:26 | Crear | Villager (Male) |
| 19:38 | Construir | Farm |
| 19:39 | Construir | Farm |
| 19:41 | Construir | Farm |
| 19:44 | Crear | Villager (Male) |
| 19:45 | Crear | Villager (Male) |
| 19:52 | Crear | Villager (Male) |
| 19:53 | Crear | Villager (Male) |
| 19:59 | Construir | Castle |
| 20:03 | Crear | Villager (Male) |
| 20:03 | Crear | Villager (Male) |
| 20:11 | Construir | Barracks |
| 20:18 | Construir | House |
| 20:23 | Construir | House |
| 20:29 | Crear | Villager (Male) |
| 20:29 | Crear | Villager (Male) |
| 20:30 | Crear | Villager (Male) |
| 20:30 | Crear | Villager (Male) |
| 20:31 | Crear | Villager (Male) |
| 20:38 | Construir | Farm |
| 20:40 | Construir | Mill |
| 20:41 | Construir | Farm |
| 20:44 | Crear | Villager (Male) |
| 20:44 | Crear | Villager (Male) |
| 20:58 | Crear | Villager (Male) |
| 20:58 | Crear | Villager (Male) |
| 20:58 | Crear | Villager (Male) |
| 20:59 | Crear | Villager (Male) |
Build order — peah90
Primeras 150 de 405 acciones detectadas
| 0:02 | Crear | Villager (Male) |
| 0:02 | Crear | Villager (Male) |
| 0:03 | Crear | Villager (Male) |
| 0:07 | Construir | House |
| 0:10 | Construir | House |
| 0:19 | Crear | Villager (Male) |
| 1:25 | Crear | Villager (Male) |
| 1:25 | Crear | Villager (Male) |
| 1:47 | Construir | Lumber Camp |
| 1:58 | Crear | Villager (Male) |
| 1:58 | Crear | Villager (Male) |
| 2:23 | Crear | Villager (Male) |
| 2:23 | Crear | Villager (Male) |
| 2:39 | Crear | Villager (Male) |
| 2:39 | Crear | Villager (Male) |
| 3:08 | Crear | Villager (Male) |
| 3:26 | Construir | House |
| 3:36 | Crear | Villager (Male) |
| 3:36 | Crear | Villager (Male) |
| 4:00 | Crear | Villager (Male) |
| 4:00 | Crear | Villager (Male) |
| 4:03 | Construir | House |
| 4:17 | Construir | House |
| 4:34 | Crear | Villager (Male) |
| 4:36 | Construir | House |
| 4:47 | Construir | Mill |
| 4:51 | Crear | Villager (Male) |
| 4:52 | Crear | Villager (Male) |
| 5:06 | Crear | Villager (Male) |
| 5:06 | Crear | Villager (Male) |
| 5:39 | Crear | Villager (Male) |
| 5:39 | Crear | Villager (Male) |
| 5:39 | Crear | Villager (Male) |
| 6:08 | Crear | Villager (Male) |
| 6:08 | Crear | Villager (Male) |
| 6:43 | Crear | Villager (Male) |
| 7:00 | Crear | Villager (Male) |
| 7:05 | Crear | Villager (Male) |
| 7:15 | Construir | Mining Camp |
| 8:05 | Construir | Mining Camp |
| 8:39 | Investigar | Feudal Age |
| 9:18 | Crear | Villager (Male) |
| 9:18 | Crear | Villager (Male) |
| 11:01 | Construir | Market |
| 11:07 | Construir | Blacksmith |
| 12:09 | Investigar | Castle Age |
| 12:44 | Investigar | Horse Collar |
| 12:51 | Investigar | Double-Bit Axe |
| 13:07 | Construir | Farm |
| 13:08 | Construir | Farm |
| 13:08 | Construir | Farm |
| 13:08 | Construir | Farm |
| 13:12 | Construir | Farm |
| 13:33 | Construir | Outpost |
| 13:39 | Construir | Outpost |
| 13:51 | Crear | Villager (Male) |
| 14:30 | Investigar | Horse Collar |
| 15:16 | Construir | Castle |
| 15:22 | Crear | Villager (Male) |
| 15:22 | Crear | Villager (Male) |
| 15:28 | Construir | Farm |
| 15:29 | Crear | Villager (Male) |
| 15:30 | Crear | Villager (Male) |
| 15:51 | Crear | Villager (Male) |
| 15:57 | Construir | Farm |
| 16:13 | Crear | Villager (Male) |
| 16:13 | Crear | Villager (Male) |
| 16:24 | Crear | Villager (Male) |
| 16:37 | Construir | Town Center |
| 16:57 | Construir | House |
| 17:00 | Construir | House |
| 17:05 | Construir | Farm |
| 17:06 | Crear | Villager (Male) |
| 17:06 | Crear | Villager (Male) |
| 17:26 | Crear | Villager (Male) |
| 17:31 | Construir | Siege Workshop |
| 17:33 | Crear | Villager (Male) |
| 17:34 | Investigar | Loom |
| 17:48 | Investigar | Fletching |
| 17:56 | Crear | Mangonel |
| 18:08 | Construir | Stone Wall |
| 18:18 | Crear | Mangonel |
| 18:27 | Crear | Villager (Male) |
| 18:27 | Crear | Villager (Male) |
| 19:01 | Crear | Centurion |
| 19:01 | Crear | Centurion |
| 19:31 | Construir | Siege Workshop |
| 20:50 | Crear | Mangonel |
| 21:56 | Crear | Mangonel |
| 22:06 | Construir | Farm |
| 22:09 | Construir | Farm |
| 22:54 | Construir | Siege Workshop |
| 23:00 | Construir | Lumber Camp |
| 23:17 | Construir | Stone Wall |
| 23:48 | Crear | Mangonel |
| 23:59 | Crear | Villager (Male) |
| 23:59 | Crear | Villager (Male) |
| 24:07 | Crear | Villager (Male) |
| 24:52 | Crear | Villager (Male) |
| 25:00 | Crear | Mangonel |
| 25:29 | Construir | Farm |
| 25:36 | Construir | Farm |
| 25:53 | Crear | Scorpion |
| 25:54 | Crear | Scorpion |
| 26:05 | Construir | Outpost |
| 26:18 | Crear | Villager (Male) |
| 26:32 | Construir | Farm |
| 27:00 | Crear | Villager (Male) |
| 27:04 | Construir | Mill |
| 27:22 | Construir | Mining Camp |
| 27:27 | Crear | Villager (Male) |
| 27:55 | Crear | Scorpion |
| 27:55 | Crear | Scorpion |
| 27:56 | Crear | Villager (Male) |
| 28:17 | Crear | Villager (Male) |
| 28:29 | Construir | Gate |
| 28:36 | Crear | Villager (Male) |
| 28:54 | Construir | House |
| 28:56 | Construir | House |
| 28:57 | Construir | House |
| 29:14 | Crear | Villager (Male) |
| 29:15 | Crear | Villager (Male) |
| 29:25 | Investigar | Town Watch |
| 29:29 | Crear | Battering Ram |
| 29:49 | Crear | Villager (Male) |
| 30:01 | Construir | Town Center |
| 30:27 | Crear | Villager (Male) |
| 30:32 | Crear | Villager (Male) |
| 30:33 | Crear | Villager (Male) |
| 31:01 | Crear | Villager (Male) |
| 31:06 | Construir | Farm |
| 31:09 | Construir | Farm |
| 31:44 | Crear | Villager (Male) |
| 31:44 | Crear | Villager (Male) |
| 31:44 | Crear | Villager (Male) |
| 31:46 | Construir | Farm |
| 31:47 | Construir | Farm |
| 31:47 | Construir | Farm |
| 31:52 | Crear | Villager (Male) |
| 31:54 | Crear | Villager (Male) |
| 31:57 | Construir | Farm |
| 32:00 | Construir | Farm |
| 32:13 | Crear | Villager (Male) |
| 32:13 | Crear | Villager (Male) |
| 32:25 | Construir | Stone Wall |
| 32:26 | Crear | Villager (Male) |
| 32:48 | Construir | Market |
| 32:49 | Crear | Villager (Male) |
| 33:00 | Crear | Villager (Male) |
| 33:00 | Crear | Villager (Male) |
Build order — SALAMANDRA
Primeras 150 de 812 acciones detectadas
| 0:01 | Crear | Villager (Male) |
| 0:01 | Crear | Villager (Male) |
| 0:02 | Construir | House |
| 0:03 | Construir | House |
| 0:04 | Crear | Villager (Male) |
| 0:08 | Crear | Villager (Male) |
| 0:09 | Crear | Villager (Male) |
| 1:15 | Crear | Villager (Male) |
| 1:16 | Crear | Villager (Male) |
| 1:53 | Crear | Villager (Male) |
| 1:54 | Crear | Villager (Male) |
| 2:19 | Construir | Lumber Camp |
| 2:26 | Crear | Villager (Male) |
| 2:26 | Crear | Villager (Male) |
| 2:42 | Crear | Villager (Male) |
| 2:42 | Crear | Villager (Male) |
| 2:53 | Crear | Villager (Male) |
| 3:05 | Crear | Villager (Male) |
| 3:05 | Crear | Villager (Male) |
| 3:43 | Crear | Villager (Male) |
| 3:43 | Crear | Villager (Male) |
| 3:44 | Crear | Villager (Male) |
| 3:49 | Construir | House |
| 3:50 | Construir | House |
| 3:54 | Crear | Villager (Male) |
| 3:55 | Crear | Villager (Male) |
| 4:13 | Crear | Villager (Male) |
| 4:13 | Crear | Villager (Male) |
| 4:50 | Crear | Villager (Male) |
| 4:50 | Crear | Villager (Male) |
| 5:17 | Crear | Villager (Male) |
| 5:17 | Crear | Villager (Male) |
| 5:30 | Construir | Mining Camp |
| 5:50 | Crear | Villager (Male) |
| 5:50 | Crear | Villager (Male) |
| 5:58 | Crear | Villager (Male) |
| 5:59 | Crear | Villager (Male) |
| 5:59 | Crear | Villager (Male) |
| 6:05 | Crear | Villager (Male) |
| 6:21 | Construir | Mill |
| 6:52 | Crear | Villager (Male) |
| 6:53 | Crear | Villager (Male) |
| 6:53 | Crear | Villager (Male) |
| 7:02 | Crear | Villager (Male) |
| 7:02 | Crear | Villager (Male) |
| 7:02 | Crear | Villager (Male) |
| 8:23 | Construir | Farm |
| 8:25 | Construir | Farm |
| 8:35 | Investigar | Feudal Age |
| 8:35 | Investigar | Feudal Age |
| 8:53 | Construir | House |
| 9:08 | Construir | Farm |
| 10:16 | Crear | Villager (Male) |
| 10:17 | Crear | Villager (Male) |
| 10:56 | Edad | Edad Feudal |
| 11:03 | Construir | Market |
| 11:37 | Construir | Blacksmith |
| 12:20 | Investigar | Castle Age |
| 12:20 | Investigar | Castle Age |
| 12:40 | Investigar | Double-Bit Axe |
| 12:40 | Investigar | Double-Bit Axe |
| 14:09 | Crear | Villager (Male) |
| 14:44 | Crear | Villager (Male) |
| 14:47 | Crear | Villager (Male) |
| 15:00 | Edad | Edad de los Castillos |
| 15:03 | Construir | Town Center |
| 15:08 | Construir | Town Center |
| 15:19 | Construir | House |
| 15:43 | Crear | Villager (Male) |
| 15:56 | Crear | Villager (Male) |
| 15:59 | Construir | Farm |
| 16:02 | Crear | Villager (Male) |
| 16:20 | Crear | Villager (Male) |
| 16:20 | Crear | Villager (Male) |
| 16:21 | Crear | Villager (Male) |
| 16:24 | Construir | Farm |
| 16:24 | Construir | Farm |
| 16:25 | Construir | Farm |
| 16:25 | Construir | Farm |
| 16:25 | Construir | Farm |
| 16:25 | Construir | Farm |
| 16:43 | Construir | Farm |
| 16:53 | Crear | Villager (Male) |
| 16:53 | Crear | Villager (Male) |
| 16:54 | Crear | Villager (Male) |
| 16:59 | Construir | Farm |
| 17:00 | Construir | Farm |
| 17:05 | Construir | Farm |
| 17:10 | Construir | Farm |
| 17:24 | Crear | Villager (Male) |
| 17:24 | Crear | Villager (Male) |
| 17:27 | Construir | House |
| 17:27 | Construir | House |
| 17:30 | Crear | Villager (Male) |
| 17:30 | Crear | Villager (Male) |
| 17:45 | Construir | Farm |
| 17:48 | Construir | Farm |
| 17:48 | Construir | Farm |
| 17:52 | Construir | Farm |
| 17:54 | Crear | Villager (Male) |
| 17:55 | Crear | Villager (Male) |
| 18:03 | Crear | Villager (Male) |
| 18:03 | Crear | Villager (Male) |
| 18:16 | Crear | Villager (Male) |
| 18:16 | Crear | Villager (Male) |
| 18:21 | Construir | Farm |
| 18:24 | Construir | Farm |
| 18:29 | Construir | Farm |
| 18:31 | Construir | Farm |
| 18:33 | Crear | Villager (Male) |
| 18:33 | Crear | Villager (Male) |
| 18:35 | Construir | Farm |
| 18:42 | Crear | Villager (Male) |
| 18:42 | Crear | Villager (Male) |
| 18:53 | Construir | Farm |
| 19:00 | Crear | Villager (Male) |
| 19:07 | Crear | Villager (Male) |
| 19:07 | Crear | Villager (Male) |
| 19:11 | Crear | Villager (Male) |
| 19:18 | Construir | Farm |
| 19:19 | Construir | Farm |
| 19:20 | Construir | Farm |
| 19:25 | Construir | House |
| 19:29 | Crear | Villager (Male) |
| 19:36 | Crear | Villager (Male) |
| 19:37 | Construir | Farm |
| 19:40 | Construir | Farm |
| 19:41 | Construir | Farm |
| 19:48 | Crear | Villager (Male) |
| 19:49 | Crear | Villager (Male) |
| 19:49 | Crear | Villager (Male) |
| 19:57 | Crear | Villager (Male) |
| 19:58 | Crear | Villager (Male) |
| 20:04 | Construir | Farm |
| 20:05 | Crear | Villager (Male) |
| 20:05 | Crear | Villager (Male) |
| 20:08 | Construir | Farm |
| 20:12 | Crear | Villager (Male) |
| 20:12 | Construir | Farm |
| 20:15 | Crear | Villager (Male) |
| 20:28 | Crear | Villager (Male) |
| 20:28 | Crear | Villager (Male) |
| 20:33 | Construir | Farm |
| 20:37 | Crear | Villager (Male) |
| 20:42 | Crear | Villager (Male) |
| 20:43 | Crear | Villager (Male) |
| 20:43 | Crear | Villager (Male) |
| 20:56 | Construir | House |
| 20:56 | Construir | House |
| 20:57 | Construir | House |
Build order — AndresCast
Primeras 150 de 835 acciones detectadas
| 0:02 | Crear | Villager (Male) |
| 0:02 | Crear | Villager (Male) |
| 0:03 | Crear | Villager (Male) |
| 0:03 | Crear | Villager (Male) |
| 0:03 | Crear | Villager (Male) |
| 0:05 | Construir | House |
| 0:08 | Construir | House |
| 1:30 | Crear | Villager (Male) |
| 1:30 | Crear | Villager (Male) |
| 1:51 | Crear | Villager (Male) |
| 1:51 | Crear | Villager (Male) |
| 1:53 | Construir | Lumber Camp |
| 2:23 | Crear | Villager (Male) |
| 2:23 | Crear | Villager (Male) |
| 2:46 | Crear | Villager (Male) |
| 2:46 | Crear | Villager (Male) |
| 3:17 | Crear | Villager (Male) |
| 3:18 | Crear | Villager (Male) |
| 3:38 | Crear | Villager (Male) |
| 3:38 | Crear | Villager (Male) |
| 3:54 | Construir | House |
| 4:16 | Construir | Mill |
| 4:20 | Crear | Villager (Male) |
| 5:04 | Crear | Villager (Male) |
| 5:04 | Crear | Villager (Male) |
| 5:06 | Crear | Villager (Male) |
| 5:06 | Crear | Villager (Male) |
| 5:34 | Crear | Villager (Male) |
| 5:34 | Crear | Villager (Male) |
| 6:00 | Crear | Villager (Male) |
| 6:00 | Crear | Villager (Male) |
| 6:03 | Construir | House |
| 6:36 | Construir | Farm |
| 6:38 | Construir | Farm |
| 6:38 | Crear | Villager (Male) |
| 7:05 | Construir | Farm |
| 7:46 | Crear | Villager (Male) |
| 8:08 | Crear | Villager (Male) |
| 8:30 | Construir | Mining Camp |
| 8:43 | Investigar | Feudal Age |
| 9:57 | Construir | House |
| 10:52 | Crear | Villager (Male) |
| 10:59 | Edad | Edad Feudal |
| 11:00 | Crear | Villager (Male) |
| 11:02 | Construir | Blacksmith |
| 11:04 | Construir | Market |
| 11:53 | Investigar | Castle Age |
| 12:17 | Investigar | Double-Bit Axe |
| 12:17 | Investigar | Horse Collar |
| 14:31 | Crear | Villager (Male) |
| 14:33 | Edad | Edad de los Castillos |
| 14:38 | Crear | Villager (Male) |
| 14:41 | Construir | Town Center |
| 14:45 | Crear | Villager (Male) |
| 14:47 | Investigar | Bow Saw |
| 15:03 | Construir | Farm |
| 15:04 | Construir | Town Center |
| 15:09 | Crear | Villager (Male) |
| 15:40 | Construir | Farm |
| 15:45 | Investigar | Heavy Plow |
| 16:07 | Construir | Farm |
| 16:08 | Crear | Villager (Male) |
| 16:08 | Crear | Villager (Male) |
| 16:17 | Crear | Villager (Male) |
| 16:27 | Crear | Villager (Male) |
| 16:35 | Crear | Villager (Male) |
| 16:35 | Crear | Villager (Male) |
| 16:46 | Construir | Monastery |
| 16:50 | Crear | Villager (Male) |
| 16:50 | Crear | Villager (Male) |
| 16:53 | Construir | Farm |
| 16:54 | Construir | Farm |
| 17:00 | Crear | Villager (Male) |
| 17:06 | Construir | House |
| 17:08 | Crear | Villager (Male) |
| 17:08 | Crear | Villager (Male) |
| 17:09 | Crear | Villager (Male) |
| 17:16 | Construir | Lumber Camp |
| 17:18 | Crear | Villager (Male) |
| 17:18 | Crear | Villager (Male) |
| 17:20 | Construir | House |
| 17:37 | Crear | Monk |
| 17:40 | Crear | Villager (Male) |
| 17:40 | Crear | Villager (Male) |
| 17:40 | Crear | Villager (Male) |
| 17:46 | Construir | House |
| 17:52 | Crear | Villager (Male) |
| 17:53 | Crear | Villager (Male) |
| 18:06 | Construir | Farm |
| 18:08 | Construir | Farm |
| 18:09 | Crear | Villager (Male) |
| 18:11 | Construir | Farm |
| 18:15 | Construir | Farm |
| 18:19 | Construir | House |
| 18:20 | Crear | Villager (Male) |
| 18:20 | Crear | Villager (Male) |
| 18:20 | Crear | Villager (Male) |
| 18:25 | Construir | Farm |
| 18:29 | Crear | Villager (Male) |
| 18:32 | Crear | Monk |
| 18:35 | Crear | Villager (Male) |
| 18:36 | Crear | Villager (Male) |
| 18:40 | Construir | Farm |
| 18:48 | Construir | Farm |
| 18:51 | Construir | Farm |
| 18:54 | Construir | Farm |
| 18:54 | Crear | Villager (Male) |
| 18:59 | Construir | Farm |
| 19:02 | Construir | Farm |
| 19:05 | Construir | House |
| 19:07 | Crear | Villager (Male) |
| 19:11 | Construir | Farm |
| 19:19 | Construir | Farm |
| 19:22 | Construir | Farm |
| 19:22 | Crear | Villager (Male) |
| 19:23 | Crear | Villager (Male) |
| 19:31 | Crear | Villager (Male) |
| 19:31 | Crear | Villager (Male) |
| 19:39 | Construir | House |
| 19:40 | Crear | Villager (Male) |
| 19:40 | Crear | Villager (Male) |
| 19:40 | Crear | Villager (Male) |
| 19:55 | Crear | Villager (Male) |
| 20:02 | Construir | Town Center |
| 20:05 | Construir | Mining Camp |
| 20:09 | Crear | Villager (Male) |
| 20:09 | Crear | Villager (Male) |
| 20:13 | Construir | House |
| 20:13 | Crear | Villager (Male) |
| 20:13 | Crear | Villager (Male) |
| 20:24 | Crear | Villager (Male) |
| 20:24 | Crear | Villager (Male) |
| 20:24 | Crear | Villager (Male) |
| 20:24 | Crear | Villager (Male) |
| 20:30 | Construir | Farm |
| 20:31 | Construir | Farm |
| 20:33 | Construir | Farm |
| 20:34 | Construir | Farm |
| 20:36 | Construir | Farm |
| 20:39 | Construir | Farm |
| 20:39 | Crear | Villager (Male) |
| 20:44 | Construir | Farm |
| 20:46 | Construir | Farm |
| 20:46 | Crear | Villager (Male) |
| 20:50 | Construir | Farm |
| 20:53 | Construir | Farm |
| 20:53 | Crear | Villager (Male) |
| 20:56 | Construir | Farm |
| 21:02 | Construir | Farm |
| 21:03 | Construir | Farm |
Build order — BLACK EAGLE
Primeras 150 de 469 acciones detectadas
| 0:00 | Crear | Villager (Male) |
| 0:01 | Crear | Villager (Male) |
| 0:01 | Crear | Villager (Male) |
| 0:02 | Construir | House |
| 0:03 | Construir | House |
| 0:05 | Crear | Villager (Male) |
| 0:05 | Crear | Villager (Male) |
| 1:28 | Crear | Villager (Male) |
| 1:57 | Crear | Villager (Male) |
| 2:12 | Construir | Lumber Camp |
| 2:21 | Crear | Villager (Male) |
| 2:54 | Crear | Villager (Male) |
| 2:55 | Crear | Villager (Male) |
| 3:39 | Crear | Villager (Male) |
| 3:39 | Crear | Villager (Male) |
| 4:07 | Construir | House |
| 4:11 | Crear | Villager (Male) |
| 4:11 | Crear | Villager (Male) |
| 4:11 | Crear | Villager (Male) |
| 4:41 | Crear | Villager (Male) |
| 4:42 | Crear | Villager (Male) |
| 4:42 | Crear | Villager (Male) |
| 5:08 | Crear | Villager (Male) |
| 5:09 | Crear | Villager (Male) |
| 5:14 | Crear | Villager (Male) |
| 5:31 | Construir | Lumber Camp |
| 5:49 | Crear | Villager (Male) |
| 5:49 | Crear | Villager (Male) |
| 5:59 | Construir | House |
| 6:16 | Crear | Villager (Male) |
| 6:16 | Crear | Villager (Male) |
| 6:16 | Crear | Villager (Male) |
| 6:20 | Construir | Mill |
| 6:24 | Crear | Villager (Male) |
| 6:24 | Crear | Villager (Male) |
| 6:34 | Crear | Villager (Male) |
| 6:52 | Crear | Villager (Male) |
| 6:53 | Crear | Villager (Male) |
| 7:29 | Construir | Farm |
| 7:30 | Construir | Farm |
| 7:30 | Construir | Farm |
| 7:41 | Construir | Farm |
| 7:42 | Construir | Farm |
| 8:15 | Construir | House |
| 8:50 | Crear | Villager (Male) |
| 9:17 | Crear | Villager (Male) |
| 9:21 | Investigar | Feudal Age |
| 9:57 | Construir | Farm |
| 10:04 | Construir | Farm |
| 11:35 | Construir | Farm |
| 11:38 | Construir | Farm |
| 11:56 | Construir | Farm |
| 11:57 | Construir | Farm |
| 12:06 | Crear | Villager (Male) |
| 12:11 | Edad | Edad Feudal |
| 12:15 | Investigar | Castle Age |
| 12:26 | Investigar | Horse Collar |
| 12:53 | Construir | Farm |
| 12:59 | Construir | Farm |
| 13:02 | Construir | Farm |
| 13:11 | Investigar | Double-Bit Axe |
| 14:00 | Crear | Villager (Male) |
| 14:00 | Crear | Villager (Male) |
| 14:02 | Construir | House |
| 15:16 | Edad | Edad de los Castillos |
| 15:19 | Construir | Town Center |
| 15:27 | Construir | Town Center |
| 15:31 | Investigar | Heavy Plow |
| 15:34 | Investigar | Bow Saw |
| 15:37 | Crear | Villager (Male) |
| 15:37 | Crear | Villager (Male) |
| 15:37 | Crear | Villager (Male) |
| 16:15 | Crear | Villager (Male) |
| 16:15 | Crear | Villager (Male) |
| 16:34 | Crear | Villager (Male) |
| 16:34 | Crear | Villager (Male) |
| 16:34 | Crear | Villager (Male) |
| 16:35 | Crear | Villager (Male) |
| 16:35 | Crear | Villager (Male) |
| 16:42 | Crear | Villager (Male) |
| 16:43 | Crear | Villager (Male) |
| 16:43 | Crear | Villager (Male) |
| 16:44 | Crear | Villager (Male) |
| 16:44 | Crear | Villager (Male) |
| 16:45 | Crear | Villager (Male) |
| 16:49 | Construir | House |
| 16:51 | Construir | House |
| 16:55 | Construir | Farm |
| 16:57 | Construir | Farm |
| 16:58 | Construir | Farm |
| 17:00 | Crear | Villager (Male) |
| 17:00 | Crear | Villager (Male) |
| 17:05 | Crear | Villager (Male) |
| 17:06 | Crear | Villager (Male) |
| 17:06 | Crear | Villager (Male) |
| 17:06 | Crear | Villager (Male) |
| 17:07 | Crear | Villager (Male) |
| 17:11 | Construir | Farm |
| 17:12 | Construir | Farm |
| 17:13 | Construir | Farm |
| 17:14 | Construir | Farm |
| 17:15 | Construir | Farm |
| 17:16 | Construir | Farm |
| 17:18 | Crear | Villager (Male) |
| 17:19 | Crear | Villager (Male) |
| 17:22 | Construir | House |
| 17:25 | Crear | Villager (Male) |
| 17:25 | Crear | Villager (Male) |
| 17:37 | Construir | Farm |
| 17:40 | Crear | Villager (Male) |
| 17:47 | Construir | House |
| 17:55 | Investigar | Wheelbarrow |
| 18:01 | Crear | Villager (Male) |
| 18:01 | Crear | Villager (Male) |
| 18:04 | Crear | Villager (Male) |
| 18:04 | Crear | Villager (Male) |
| 18:05 | Crear | Villager (Male) |
| 18:12 | Crear | Villager (Male) |
| 18:13 | Crear | Villager (Male) |
| 18:16 | Construir | House |
| 18:17 | Construir | House |
| 18:19 | Construir | Farm |
| 18:23 | Construir | House |
| 18:24 | Construir | House |
| 18:27 | Crear | Villager (Male) |
| 18:28 | Crear | Villager (Male) |
| 18:28 | Crear | Villager (Male) |
| 18:35 | Construir | Farm |
| 18:40 | Crear | Villager (Male) |
| 18:40 | Crear | Villager (Male) |
| 18:45 | Crear | Villager (Male) |
| 18:53 | Construir | House |
| 18:56 | Crear | Villager (Male) |
| 18:58 | Crear | Villager (Male) |
| 18:58 | Crear | Villager (Male) |
| 19:18 | Construir | Town Center |
| 19:21 | Crear | Villager (Male) |
| 19:22 | Crear | Villager (Male) |
| 19:25 | Crear | Villager (Male) |
| 19:25 | Crear | Villager (Male) |
| 19:25 | Crear | Villager (Male) |
| 19:28 | Construir | Farm |
| 19:31 | Crear | Villager (Male) |
| 19:31 | Crear | Villager (Male) |
| 19:38 | Construir | House |
| 19:45 | Crear | Villager (Male) |
| 19:45 | Crear | Villager (Male) |
| 19:58 | Crear | Villager (Male) |
| 19:58 | Crear | Villager (Male) |
| 20:02 | Construir | Farm |
Build order — Poeta_Virgilio
Primeras 150 de 1254 acciones detectadas
| 0:02 | Crear | Villager (Male) |
| 0:02 | Crear | Villager (Male) |
| 0:02 | Crear | Villager (Male) |
| 0:02 | Crear | Villager (Male) |
| 0:03 | Crear | Villager (Male) |
| 0:07 | Construir | House |
| 0:08 | Construir | House |
| 1:32 | Crear | Villager (Male) |
| 1:33 | Crear | Villager (Male) |
| 1:52 | Crear | Villager (Male) |
| 1:52 | Crear | Villager (Male) |
| 1:58 | Construir | Lumber Camp |
| 2:21 | Crear | Villager (Male) |
| 2:21 | Crear | Villager (Male) |
| 2:37 | Crear | Villager (Male) |
| 2:38 | Crear | Villager (Male) |
| 3:12 | Crear | Villager (Male) |
| 3:12 | Crear | Villager (Male) |
| 3:13 | Crear | Villager (Male) |
| 3:35 | Crear | Villager (Male) |
| 3:35 | Crear | Villager (Male) |
| 3:56 | Construir | House |
| 4:01 | Crear | Villager (Male) |
| 4:01 | Crear | Villager (Male) |
| 4:02 | Crear | Villager (Male) |
| 4:37 | Crear | Villager (Male) |
| 4:37 | Crear | Villager (Male) |
| 4:37 | Crear | Villager (Male) |
| 4:42 | Construir | House |
| 4:43 | Construir | House |
| 4:55 | Crear | Villager (Male) |
| 4:56 | Crear | Villager (Male) |
| 5:06 | Crear | Villager (Male) |
| 5:06 | Crear | Villager (Male) |
| 5:09 | Construir | Mill |
| 5:41 | Crear | Villager (Male) |
| 5:41 | Crear | Villager (Male) |
| 6:10 | Crear | Villager (Male) |
| 6:38 | Crear | Villager (Male) |
| 6:45 | Crear | Villager (Male) |
| 6:45 | Crear | Villager (Male) |
| 7:20 | Construir | Farm |
| 7:26 | Construir | Farm |
| 7:35 | Crear | Villager (Male) |
| 7:51 | Crear | Villager (Male) |
| 8:07 | Construir | Farm |
| 8:29 | Construir | Farm |
| 8:45 | Crear | Villager (Male) |
| 8:55 | Construir | Mining Camp |
| 9:04 | Investigar | Feudal Age |
| 9:41 | Construir | Barracks |
| 11:23 | Edad | Edad Feudal |
| 11:26 | Construir | Market |
| 11:34 | Construir | Stable |
| 11:36 | Crear | Villager (Male) |
| 11:37 | Crear | Villager (Male) |
| 12:24 | Investigar | Castle Age |
| 12:27 | Construir | House |
| 12:42 | Investigar | Double-Bit Axe |
| 12:42 | Investigar | Double-Bit Axe |
| 12:47 | Investigar | Horse Collar |
| 12:57 | Construir | Farm |
| 13:16 | Construir | Farm |
| 13:18 | Construir | Farm |
| 13:20 | Crear | Scout Cavalry |
| 13:32 | Construir | Farm |
| 13:48 | Construir | Farm |
| 13:50 | Crear | Scout Cavalry |
| 14:11 | Crear | Scout Cavalry |
| 14:37 | Crear | Scout Cavalry |
| 14:41 | Construir | Farm |
| 15:06 | Edad | Edad de los Castillos |
| 15:09 | Investigar | Bow Saw |
| 15:10 | Investigar | Bow Saw |
| 15:12 | Crear | Villager (Male) |
| 15:12 | Crear | Villager (Male) |
| 15:33 | Construir | Town Center |
| 15:55 | Crear | Villager (Male) |
| 15:59 | Crear | Villager (Male) |
| 16:02 | Construir | House |
| 16:19 | Crear | Scout Cavalry |
| 16:25 | Crear | Villager (Male) |
| 16:34 | Construir | Farm |
| 16:39 | Construir | Farm |
| 16:44 | Construir | Farm |
| 16:48 | Crear | Villager (Male) |
| 16:51 | Crear | Villager (Male) |
| 17:01 | Crear | Villager (Male) |
| 17:04 | Crear | Villager (Male) |
| 17:07 | Crear | Villager (Male) |
| 17:10 | Construir | Monastery |
| 17:12 | Crear | Scout Cavalry |
| 17:20 | Construir | Farm |
| 17:32 | Crear | Villager (Male) |
| 17:42 | Construir | Farm |
| 17:49 | Crear | Villager (Male) |
| 17:49 | Crear | Villager (Male) |
| 17:58 | Crear | Villager (Male) |
| 17:59 | Crear | Villager (Male) |
| 17:59 | Crear | Villager (Male) |
| 18:01 | Crear | Monk |
| 18:01 | Crear | Monk |
| 18:15 | Construir | House |
| 18:15 | Construir | House |
| 18:21 | Crear | Villager (Male) |
| 18:26 | Crear | Scout Cavalry |
| 18:51 | Crear | Villager (Male) |
| 18:51 | Crear | Villager (Male) |
| 18:55 | Construir | Farm |
| 19:17 | Crear | Villager (Male) |
| 19:17 | Crear | Villager (Male) |
| 19:17 | Crear | Villager (Male) |
| 19:20 | Construir | Farm |
| 19:21 | Construir | Farm |
| 19:21 | Construir | Farm |
| 19:21 | Construir | Farm |
| 19:26 | Crear | Villager (Male) |
| 19:26 | Crear | Villager (Male) |
| 19:33 | Crear | Villager (Male) |
| 19:34 | Crear | Villager (Male) |
| 19:48 | Crear | Villager (Male) |
| 19:49 | Crear | Villager (Male) |
| 20:05 | Crear | Villager (Male) |
| 20:05 | Crear | Villager (Male) |
| 20:17 | Crear | Villager (Male) |
| 20:23 | Construir | Town Center |
| 20:35 | Crear | Villager (Male) |
| 20:39 | Construir | House |
| 21:00 | Investigar | Light Cavalry (upgrade) |
| 21:02 | Crear | Villager (Male) |
| 21:05 | Construir | House |
| 21:05 | Construir | House |
| 21:07 | Construir | House |
| 21:10 | Crear | Monk |
| 21:33 | Crear | Villager (Male) |
| 21:33 | Crear | Villager (Male) |
| 21:33 | Crear | Villager (Male) |
| 21:38 | Investigar | Wheelbarrow |
| 21:48 | Crear | Scout Cavalry |
| 21:54 | Construir | Farm |
| 21:54 | Construir | Farm |
| 21:55 | Construir | Farm |
| 21:58 | Crear | Villager (Male) |
| 22:02 | Construir | Town Center |
| 22:15 | Crear | Villager (Male) |
| 22:15 | Crear | Villager (Male) |
| 22:18 | Construir | House |
| 22:18 | Construir | House |
| 22:19 | Construir | House |
| 22:22 | Crear | Villager (Male) |
Build order — livulove
Primeras 150 de 626 acciones detectadas
| 0:01 | Crear | Villager (Male) ×5 |
| 0:03 | Construir | House |
| 0:05 | Construir | House |
| 1:30 | Crear | Villager (Male) |
| 1:30 | Crear | Villager (Male) |
| 1:47 | Construir | Lumber Camp |
| 1:54 | Crear | Villager (Male) |
| 1:54 | Crear | Villager (Male) |
| 2:32 | Crear | Villager (Male) |
| 2:32 | Crear | Villager (Male) |
| 2:32 | Crear | Villager (Male) |
| 3:21 | Construir | House |
| 3:27 | Crear | Villager (Male) |
| 3:28 | Crear | Villager (Male) |
| 3:47 | Crear | Villager (Male) |
| 4:04 | Crear | Villager (Male) |
| 4:04 | Crear | Villager (Male) |
| 4:25 | Construir | Mill |
| 5:01 | Crear | Villager (Male) |
| 5:02 | Crear | Villager (Male) |
| 5:16 | Crear | Villager (Male) |
| 5:30 | Construir | House |
| 5:45 | Crear | Villager (Male) |
| 5:45 | Crear | Villager (Male) |
| 6:05 | Crear | Villager (Male) |
| 6:25 | Crear | Villager (Male) |
| 6:25 | Crear | Villager (Male) |
| 6:25 | Crear | Villager (Male) |
| 6:41 | Construir | Farm |
| 6:43 | Construir | Farm |
| 6:46 | Construir | Farm |
| 7:44 | Crear | Villager (Male) |
| 8:14 | Investigar | Feudal Age |
| 8:25 | Construir | Farm |
| 9:27 | Construir | House |
| 9:38 | Crear | Villager (Male) |
| 9:39 | Crear | Villager (Male) |
| 10:25 | Edad | Edad Feudal |
| 10:32 | Construir | Market |
| 10:34 | Construir | Blacksmith |
| 10:44 | Investigar | Double-Bit Axe |
| 11:16 | Investigar | Castle Age |
| 11:16 | Investigar | Castle Age |
| 11:35 | Investigar | Double-Bit Axe |
| 11:35 | Investigar | Double-Bit Axe |
| 11:55 | Investigar | Horse Collar |
| 12:20 | Construir | Farm |
| 13:05 | Construir | House |
| 13:34 | Crear | Villager (Male) |
| 13:42 | Edad | Edad de los Castillos |
| 13:43 | Construir | Town Center |
| 13:56 | Crear | Villager (Male) |
| 14:00 | Construir | Town Center |
| 14:13 | Investigar | Bow Saw |
| 14:15 | Crear | Villager (Male) |
| 14:42 | Crear | Villager (Male) |
| 14:45 | Construir | Farm |
| 14:55 | Crear | Villager (Male) |
| 14:58 | Construir | Farm |
| 15:03 | Crear | Villager (Male) |
| 15:06 | Construir | Farm |
| 15:08 | Crear | Villager (Male) |
| 15:23 | Crear | Villager (Male) |
| 15:23 | Crear | Villager (Male) |
| 15:25 | Construir | Farm |
| 15:39 | Crear | Villager (Male) |
| 15:39 | Crear | Villager (Male) |
| 15:40 | Crear | Villager (Male) |
| 15:42 | Construir | Farm |
| 15:45 | Construir | Farm |
| 15:48 | Construir | Farm |
| 15:52 | Construir | Farm |
| 15:59 | Crear | Villager (Male) |
| 16:02 | Construir | Farm |
| 16:02 | Construir | Farm |
| 16:07 | Crear | Villager (Male) |
| 16:10 | Construir | Farm |
| 16:22 | Construir | Farm |
| 16:31 | Construir | Farm |
| 16:33 | Crear | Villager (Male) |
| 16:35 | Crear | Villager (Male) |
| 16:36 | Crear | Villager (Male) |
| 16:40 | Construir | House |
| 16:42 | Construir | Farm |
| 16:50 | Construir | Farm |
| 16:55 | Crear | Villager (Male) |
| 17:05 | Construir | Farm |
| 17:09 | Construir | House |
| 17:16 | Construir | Farm |
| 17:16 | Crear | Villager (Male) |
| 17:17 | Crear | Villager (Male) |
| 17:21 | Crear | Villager (Male) |
| 17:22 | Crear | Villager (Male) |
| 17:32 | Crear | Villager (Male) |
| 17:36 | Construir | Town Center |
| 17:38 | Crear | Villager (Male) |
| 17:40 | Construir | House |
| 17:43 | Construir | Farm |
| 17:53 | Crear | Villager (Male) |
| 17:57 | Construir | Farm |
| 18:00 | Crear | Villager (Male) |
| 18:04 | Construir | Farm |
| 18:07 | Construir | House |
| 18:09 | Construir | House |
| 18:11 | Crear | Villager (Male) |
| 18:17 | Crear | Villager (Male) |
| 18:19 | Construir | Farm |
| 18:24 | Crear | Villager (Male) |
| 18:25 | Crear | Villager (Male) |
| 18:30 | Crear | Villager (Male) |
| 18:40 | Construir | Farm |
| 18:42 | Crear | Villager (Male) |
| 18:44 | Construir | Farm |
| 18:49 | Construir | Farm |
| 18:51 | Crear | Villager (Male) |
| 18:53 | Crear | Villager (Male) |
| 18:57 | Crear | Villager (Male) |
| 19:01 | Construir | Farm |
| 19:07 | Construir | House |
| 19:08 | Crear | Villager (Male) |
| 19:11 | Crear | Villager (Male) |
| 19:16 | Construir | Farm |
| 19:21 | Construir | Farm |
| 19:24 | Construir | House |
| 19:35 | Construir | House |
| 19:37 | Crear | Villager (Male) |
| 19:38 | Crear | Villager (Male) |
| 19:39 | Crear | Villager (Male) |
| 19:42 | Crear | Villager (Male) |
| 19:51 | Investigar | Loom |
| 19:52 | Crear | Villager (Male) |
| 19:53 | Crear | Villager (Male) |
| 19:53 | Crear | Villager (Male) |
| 20:01 | Construir | Farm |
| 20:03 | Crear | Villager (Male) |
| 20:10 | Construir | Town Center |
| 20:12 | Crear | Villager (Male) |
| 20:15 | Crear | Villager (Male) |
| 20:19 | Crear | Villager (Male) |
| 20:20 | Crear | Villager (Male) |
| 20:40 | Crear | Villager (Male) |
| 20:42 | Construir | Farm |
| 20:44 | Crear | Villager (Male) |
| 20:45 | Crear | Villager (Male) |
| 20:46 | Crear | Villager (Male) |
| 20:47 | Crear | Villager (Male) |
| 20:48 | Construir | House |
| 20:51 | Construir | Farm |
| 20:53 | Construir | Farm |
| 20:55 | Crear | Villager (Male) |
Build order — Tumber
Primeras 150 de 628 acciones detectadas
| 0:02 | Crear | Villager (Male) |
| 0:02 | Crear | Villager (Male) |
| 0:02 | Crear | Villager (Male) |
| 0:03 | Construir | House |
| 0:04 | Construir | House |
| 0:19 | Crear | Villager (Male) |
| 0:19 | Crear | Villager (Male) |
| 1:25 | Crear | Villager (Male) |
| 1:54 | Crear | Villager (Male) |
| 1:57 | Construir | Lumber Camp |
| 2:28 | Crear | Villager (Male) |
| 2:46 | Crear | Villager (Male) |
| 3:18 | Crear | Villager (Male) |
| 3:37 | Crear | Villager (Male) |
| 3:50 | Construir | House |
| 3:51 | Construir | House |
| 3:57 | Crear | Villager (Male) |
| 4:19 | Construir | House |
| 4:27 | Crear | Villager (Male) |
| 4:28 | Crear | Villager (Male) |
| 4:40 | Construir | Mill |
| 5:08 | Crear | Villager (Male) |
| 5:36 | Crear | Villager (Male) |
| 6:03 | Crear | Villager (Male) |
| 6:32 | Crear | Villager (Male) |
| 7:02 | Crear | Villager (Male) |
| 7:03 | Construir | Farm |
| 7:06 | Construir | Farm |
| 7:08 | Construir | Farm |
| 7:16 | Crear | Villager (Male) |
| 7:35 | Construir | Mining Camp |
| 7:50 | Crear | Villager (Male) |
| 8:16 | Investigar | Feudal Age |
| 8:36 | Crear | Villager (Male) |
| 8:45 | Construir | House |
| 9:12 | Construir | Farm |
| 9:42 | Construir | Farm |
| 10:32 | Edad | Edad Feudal |
| 10:35 | Construir | Market |
| 10:42 | Construir | Blacksmith |
| 11:04 | Crear | Villager (Male) |
| 11:25 | Investigar | Loom |
| 11:56 | Investigar | Castle Age |
| 12:40 | Investigar | Gold Mining |
| 12:41 | Investigar | Horse Collar |
| 13:16 | Construir | House |
| 13:17 | Construir | House |
| 13:21 | Crear | Villager (Male) |
| 14:15 | Construir | Palisade Wall |
| 14:27 | Crear | Villager (Male) |
| 14:36 | Edad | Edad de los Castillos |
| 14:43 | Construir | Monastery |
| 14:48 | Construir | Siege Workshop |
| 14:57 | Construir | Monastery |
| 15:11 | Crear | Villager (Male) |
| 15:32 | Crear | Villager (Male) |
| 15:40 | Construir | Monastery |
| 15:45 | Crear | Monk |
| 15:47 | Crear | Battering Ram |
| 15:56 | Crear | Villager (Male) |
| 15:57 | Investigar | Sanctity |
| 16:03 | Construir | House |
| 16:03 | Construir | House |
| 16:07 | Crear | Villager (Male) |
| 16:18 | Crear | Monk |
| 16:28 | Crear | Battering Ram |
| 16:35 | Crear | Monk |
| 16:37 | Construir | House |
| 16:54 | Investigar | Redemption |
| 16:54 | Investigar | Redemption |
| 17:16 | Crear | Monk |
| 17:19 | Crear | Villager (Male) |
| 17:29 | Construir | Outpost |
| 17:32 | Crear | Monk |
| 17:39 | Crear | Villager (Male) |
| 17:39 | Crear | Villager (Male) |
| 17:52 | Investigar | Fervor |
| 17:53 | Investigar | Fervor |
| 18:02 | Construir | Outpost |
| 18:04 | Construir | Farm |
| 18:05 | Construir | Farm |
| 18:07 | Crear | Villager (Male) |
| 18:14 | Crear | Monk |
| 18:35 | Crear | Villager (Male) |
| 19:02 | Crear | Monk |
| 19:04 | Construir | Monastery |
| 19:09 | Crear | Villager (Male) |
| 19:20 | Construir | Town Center |
| 19:21 | Crear | Villager (Male) |
| 19:44 | Crear | Villager (Male) |
| 19:47 | Crear | Monk |
| 20:03 | Crear | Villager (Male) |
| 20:21 | Crear | Villager (Male) |
| 20:26 | Construir | House |
| 20:30 | Construir | Farm |
| 20:30 | Construir | Farm |
| 20:31 | Construir | Farm |
| 20:31 | Construir | Farm |
| 20:31 | Construir | Farm |
| 20:31 | Construir | Farm |
| 20:34 | Crear | Monk |
| 20:45 | Construir | Siege Workshop |
| 20:52 | Crear | Villager (Male) |
| 21:14 | Construir | Town Center |
| 21:21 | Construir | Mining Camp |
| 21:28 | Crear | Monk |
| 21:42 | Crear | Villager (Male) |
| 21:48 | Crear | Villager (Male) |
| 21:53 | Crear | Villager (Male) |
| 21:54 | Crear | Villager (Male) |
| 21:56 | Construir | Farm |
| 21:57 | Construir | Farm |
| 21:57 | Construir | Farm |
| 21:59 | Crear | Villager (Male) |
| 22:14 | Crear | Villager (Male) |
| 22:23 | Crear | Villager (Male) |
| 22:23 | Crear | Villager (Male) |
| 22:47 | Crear | Monk |
| 22:52 | Crear | Villager (Male) |
| 22:55 | Construir | Farm |
| 22:58 | Construir | Farm |
| 22:59 | Construir | Farm |
| 23:05 | Crear | Monk |
| 23:08 | Crear | Villager (Male) |
| 23:15 | Construir | Farm |
| 23:15 | Construir | Farm |
| 23:15 | Construir | Farm |
| 23:16 | Construir | Farm |
| 23:16 | Construir | Farm |
| 23:16 | Construir | Farm |
| 23:18 | Crear | Villager (Male) |
| 23:18 | Crear | Villager (Male) |
| 23:46 | Crear | Villager (Male) |
| 23:52 | Construir | Town Center |
| 23:56 | Crear | Villager (Male) |
| 23:56 | Crear | Villager (Male) |
| 24:10 | Crear | Villager (Male) |
| 24:19 | Crear | Villager (Male) |
| 24:22 | Construir | Farm |
| 24:23 | Construir | Farm |
| 24:27 | Investigar | Heavy Plow |
| 24:32 | Crear | Villager (Male) |
| 24:41 | Crear | Villager (Male) |
| 25:01 | Crear | Battering Ram |
| 25:03 | Crear | Villager (Male) |
| 25:09 | Construir | Farm |
| 25:12 | Investigar | Wheelbarrow |
| 25:12 | Investigar | Wheelbarrow |
| 25:25 | Crear | Villager (Male) |
| 25:25 | Crear | Villager (Male) |
Cronología de la partida
| 9:41 | Poeta_Virgilio · first_building Barracks |
| 10:25 | livulove · age_up feudal |
| 10:32 | DaTuRa · age_up feudal |
| 10:32 | Tumber · age_up feudal |
| 10:56 | SALAMANDRA · age_up feudal |
| 10:59 | AndresCast · age_up feudal |
| 11:23 | Poeta_Virgilio · age_up feudal |
| 11:34 | Poeta_Virgilio · first_building Stable |
| 12:10 | SALAMANDRA · first_market_sell 100 stone |
| 12:11 | BLACK EAGLE · age_up feudal |
| 13:42 | livulove · age_up castle |
| 14:15 | DaTuRa · age_up castle |
| 14:15 | Tumber · wall_segment Palisade Wall x1 |
| 14:33 | AndresCast · age_up castle |
| 14:36 | Tumber · age_up castle |
| 14:43 | Tumber · first_building Monastery |
| 14:48 | Tumber · first_building Siege Workshop |
| 15:00 | SALAMANDRA · age_up castle |
| 15:06 | Poeta_Virgilio · age_up castle |
| 15:16 | peah90 · first_building Castle |
| 15:16 | BLACK EAGLE · age_up castle |
| 16:46 | AndresCast · first_building Monastery |
| 16:52 | Tumber · first_market_sell 100 wood |
| 17:10 | Poeta_Virgilio · first_building Monastery |
| 17:31 | peah90 · first_building Siege Workshop |
| 18:04 | DaTuRa · first_market_buy 100 food |
| 18:08 | peah90 · wall_segment Stone Wall x13 |
| 19:59 | AndresCast · first_market_buy 100 stone |
| 19:59 | DaTuRa · first_building Castle |
| 20:11 | DaTuRa · first_building Barracks |
| 20:23 | livulove · first_market_buy 100 stone |
| 21:12 | Tumber · first_market_buy 100 stone |
| 21:29 | SALAMANDRA · first_building Castle |
| 21:54 | DaTuRa · first_building Stable |
| 23:16 | livulove · first_building Siege Workshop |
| 23:17 | peah90 · wall_segment Stone Wall x1 |
| 23:37 | peah90 · first_market_buy 100 food |
| 23:44 | livulove · first_building Monastery |
| 24:13 | livulove · first_building Barracks |
| 24:28 | AndresCast · wall_segment Palisade Wall x1 |
| 24:53 | livulove · first_building Stable |
| 24:58 | AndresCast · first_market_sell 100 food |
| 25:02 | SALAMANDRA · first_building Siege Workshop |
| 25:14 | AndresCast · first_building Castle |
| 25:19 | AndresCast · first_building Barracks |
| 25:22 | BLACK EAGLE · first_building Stable |
| 25:44 | BLACK EAGLE · first_building Siege Workshop |
| 26:08 | livulove · first_building Castle |
| 26:34 | DaTuRa · first_market_sell 100 wood |
| 26:36 | AndresCast · first_building Stable |
| 26:48 | Poeta_Virgilio · first_market_buy 100 food |
| 26:55 | BLACK EAGLE · first_building Castle |
| 27:20 | SALAMANDRA · first_market_buy 100 food |
| 28:22 | AndresCast · age_up imperial |
| 28:29 | Poeta_Virgilio · first_building Castle |
| 28:54 | AndresCast · wall_segment Stone Wall x13 |
| 29:13 | DaTuRa · age_up imperial |
| 29:14 | livulove · wall_segment Stone Wall x1 |
| 29:32 | AndresCast · first_building Siege Workshop |
| 29:41 | BLACK EAGLE · age_up imperial |
| 29:44 | livulove · age_up imperial |
| 29:45 | Tumber · first_building Castle |
| 29:59 | Poeta_Virgilio · age_up imperial |
| 30:31 | SALAMANDRA · age_up imperial |
| 30:55 | Poeta_Virgilio · first_market_sell 100 food |
| 31:55 | SALAMANDRA · first_building Barracks |
| 32:25 | peah90 · wall_segment Stone Wall x7 |
| 33:24 | Tumber · wall_segment Palisade Wall x1 |
| 33:25 | Tumber · age_up imperial |
| 33:57 | Tumber · first_building Barracks |
| 34:32 | AndresCast · wall_segment Stone Wall x5 |
| 35:37 | SALAMANDRA · first_building Stable |
| 36:26 | Tumber · wall_segment Stone Wall x7 |
| 38:47 | Tumber · wall_segment Stone Wall x4 |
| 39:03 | Tumber · first_building Stable |
| 39:22 | livulove · first_building Archery Range |
| 40:15 | Tumber · wall_segment Stone Wall x1 |
| 40:20 | BLACK EAGLE · first_market_sell 100 wood |
| 40:53 | AndresCast · wall_segment Stone Wall x4 |
| 41:13 | Poeta_Virgilio · first_building Siege Workshop |
| 41:48 | livulove · first_market_sell 500 wood |
| 44:00 | DaTuRa · first_building Siege Workshop |
| 44:26 | peah90 · first_market_sell 100 food |
| 47:00 | peah90 · first_building Barracks |
| 47:17 | DaTuRa · first_building Archery Range |
| 50:46 | Tumber · tribute_sent a jugador 1 |
| 50:46 | Tumber · tribute_sent a jugador 2 |
| 50:46 | Tumber · tribute_sent a jugador 3 |
| 50:46 | Tumber · tribute_sent a jugador 4 |
| 50:46 | Tumber · tribute_sent a jugador 5 |
| 50:46 | Tumber · tribute_sent a jugador 6 |
| 50:46 | Tumber · tribute_sent a jugador 7 |
| 56:52 | Tumber · wall_segment Palisade Wall x1 |
| 58:19 | BLACK EAGLE · first_building Barracks |
| 61:16 | Tumber · resign |
[ ANÁLISIS IA · 1 CRÉDITO ]
¿Qué pasó realmente en esta partida?
Wolo.gg analiza cada decisión: build order, eco, micro, errores típicos por bracket. Análisis personalizado por WhatsApp o Discord en 30 segundos.
Guía civ
Bereberes
Perfil
Jugador #2084291